 Dungeon Crawl Stone Soup version 0.23.0 (webtiles) character file.

Game seed: 4977683741202801717

183 misha the Chopper (level 5, 0/46 HPs)
             Began as a Draconian Berserker on Feb 16, 2019.
             Was a Believer of Trog.
             Slain by a worker ant (2 damage)
             ... on level 4 of the Dungeon.
             The game lasted 00:20:46 (3631 turns).

misha the Chopper (Draconian Berserker)             Turns: 3631, Time: 00:20:47

Health: 0/46       AC:  5    Str: 20    XL:     5   Next: 35%
Magic:  5/5        EV: 13    Int:  7    God:    Trog [**....]
Gold:   172        SH:  0    Dex: 11    Spells: 4/4 levels left

rFire    . . .     SeeInvis .   a - +0 hand axe
rCold    . . .     Gourm    .   (no shield)
rNeg     . . .     Faith    .   (armour unavailable)
rPois    .         Spirit   .   (helmet restricted)
rElec    .         Reflect  .   (no cloak)
rCorr    .         Harm     .   (no gloves)
MR       .....                  (no boots)
Stlth    +.........             (no amulet)
HPRegen  0.15/turn              (no ring)
MPRegen  0.09/turn              (no ring)

@: lethally poisoned (0 -> -2)
A: unfitting armour, cold-blooded, AC +5
a: Berserk, Trog's Hand, Renounce Religion


You were on level 4 of the Dungeon.
You worshipped Trog.
Trog was pleased with you.
You were hungry.

You visited 1 branch of the dungeon, and saw 4 of its levels.

You collected 172 gold pieces.

Inventory:

Hand Weapons
 a - a +0 hand axe (weapon)
Jewellery
 h - a +6 ring of intelligence {unknown}
 n - a cursed ring of attention {unknown}
Scrolls
 c - a scroll of remove curse {unknown}
 e - 2 scrolls of identify {unknown}
 i - a scroll of enchant armour {unknown}
 j - 2 scrolls of fog {unknown}
 l - a scroll of enchant weapon {unknown}
 q - a scroll of teleportation {unknown}
Potions
 d - a potion of mutation {unknown}
 f - 2 potions of might {unknown}
 g - a potion of agility {unknown}
 k - a potion of lignification {unknown}
 m - a potion of cancellation {unknown}
 o - a potion of haste {unknown}
 p - a potion of ambrosia {unknown}
Comestibles
 b - 2 rations


   Skills:
 + Level 4.2 Fighting
 + Level 4.7 Axes
 + Level 3.6 Dodging
 + Level 0.4 Stealth


You had 4 spell levels left.
You didn't know any spells.
Your spell library was empty.

Dungeon Overview and Level Annotations

Branches:
Dungeon (4/15)
 Temple: D:4-7

Altars:
Gozag
Okawaru
Yredelemnul
The Shining One


Innate Abilities, Weirdness & Mutations

Your plain brown scales are hard. (AC +5)
You cannot fit into any form of body armour.
You are cold-blooded and may be slowed by cold attacks.


Message History

You hit the phantom.
The phantom is lightly damaged.
You hit the worker ant but do no damage.
The worker ant closely misses you.
The phantom hits you but does no damage.
You are too injured to fight recklessly!
You hit the phantom but do no damage.
The phantom is lightly damaged.
You hit the worker ant. The worker ant bites you.
You are poisoned.
The worker ant poisons you! The phantom hits you.
* * * LOW HITPOINT WARNING * * *
The worker ant closely misses you.
Okay, then.
You feel sick.
A hound comes into view.
The phantom hits you!
* * * LOW HITPOINT WARNING * * *
The worker ant bites you.
You die...

... ##..
..... [....
#..... #####
....# #...#
#..##...####
#.a@W.....#
#.........#
######.#...#
#..####..###
#....#...#
#....h#
#....##
#....#
#....#


You could see a phantom, a hound (wandering) and a worker ant.

Vanquished Creatures
  A crimson imp (D:2)
  A hound zombie (D:2)
  Robin (D:2)
  4 adders
  3 worms
  A dart slug (D:2)
  A leopard gecko (D:2)
  2 orcs (D:3)
  4 giant cockroaches
  15 goblins
  9 hobgoblins
  4 kobolds
  2 quokkas (D:3)
  10 ball pythons
  8 bats
  3 frilled lizards
  7 rats
76 creatures vanquished.

Vanquished Creatures (others)
  A worm (D:2)
1 creature vanquished.

Grand Total: 77 creatures vanquished

Notes
Turn   | Place    | Note
-------+----------+-------------------------------------------
     0 | D:1      | misha the Draconian Berserker began the quest for the Orb.
     0 | D:1      | Reached XP level 1. HP: 19/19 MP: 1/1
   256 | D:1      | Reached XP level 2. HP: 21/26 MP: 2/2
  1081 | D:2      | Reached XP level 3. HP: 29/33 MP: 3/3
  1277 | D:2      | Reached ** piety under Trog
  1511 | D:2      | Reached XP level 4. HP: 37/40 MP: 4/4
  1531 | D:2      | Found an iron altar of Okawaru.
  2013 | D:2      | Found a basalt altar of Yredelemnul.
  2015 | D:2      | Noticed a profane servitor
  2024 | D:2      | Found a glowing golden altar of the Shining One.
  2040 | D:2      | Noticed an angel
  2432 | D:2      | Noticed Robin
  2445 | D:2      | Killed Robin
  2548 | D:3      | Found an opulent altar of Gozag.
  2580 | D:3      | Reached XP level 5. HP: 14/46 MP: 5/5
  3592 | D:4      | Noticed a phantom
  3631 | D:4      | HP: 2/46 [phantom (8)]
  3631 | D:4      | Slain by a worker ant

Skill      XL: |  1  2  3  4 |
---------------+-------------+-----
Dodging        | 3 |  3.6
Axes           | 4 |  4.7
Fighting       | 4 |  4.2
Stealth        | |  0.4

Action                   |  1- 3 |  4- 6 || total
-------------------------+-------+-------++-------
Melee: Hand axe          |   127 |   146 ||   273
       Tailslap          |    12 |    14 ||    26
Invok: Berserk           |       |     3 ||     3
       Trog's Hand       |       |     1 ||     1
  Use: Potion            |       |     1 ||     1
 Stab: Sleeping          |       |     1 ||     1
  Eat: Chunk             |     1 |       ||     1
       Ration            |       |     3 ||     3
Armor: Skin              |    50 |    66 ||   116
Dodge: Dodged            |   106 |   120 ||   226
